 Dungeon Crawl Stone Soup version 0.31.0-32-g396128a36d (webtiles) character file.

Game seed: 13084033737868134083

98 safid the Changeling (level 4, 0/35 HPs)
             Began as a Draconian Shapeshifter on Mar 18, 2024.
             Slain by a kobold
             ... wielding a +0 whip
              (3 damage)
             ... on level 3 of the Dungeon.
             The game lasted 00:03:23 (2125 turns).

safid the Changeling (Draconian Shapeshifter)       Turns: 2125, Time: 00:03:23

Health: 0/35       AC:  5    Str: 18    XL:     4   Next: 44%
Magic:  4/4        EV: 11    Int: 10    God:
Gold:   153        SH:  3    Dex: 11    Spells: 3/3 levels left

rFire   . .          .
                       - Unarmed
rCold   . . .        k - +0 buckler
rNeg    . . .        (body armour unavailable)
rPois   .            (helmet currently unavailable)
rElec   .            (cloak currently unavailable)
rCorr   .            (gloves currently unavailable)
SInv    .            (boots currently unavailable)
Will    .....        (no amulet)
Stlth   +            (no ring)
HPRegen 0.25/turn    (no ring)
MPRegen 0.09/turn

%: no passive effects
@: beast-form, attractive, studying Dodging, invisible
A: beast (slay +2), AC +5, unfitting armour, cold-blooded
a: Begin Untransformation


You were on level 3 of the Dungeon.
You were a hulking beast.
You visited 1 branch of the dungeon, and saw 3 of its levels.

You collected 153 gold pieces.

Inventory:

Armour
 k - a +0 buckler (worn)
Talismans
 b - a beast talisman
 c - a flux talisman
Scrolls
 d - a scroll of revelation {unknown}
 g - 6 scrolls of identify {unknown}
 h - a scroll of fog {unknown}
 l - a scroll of fear {unknown}
Potions
 a - 5 potions of lignification
 e - a potion of heal wounds {unknown}
 f - a potion of curing {unknown}
 i - a potion of attraction
 j - a potion of haste {unknown}
 m - a potion of invisibility
 n - a potion of might {unknown}
 o - a potion of magic {unknown}


   Skills:
 + Level 1.3 Fighting
 - Level 2.0 Dodging
 + Level 4.1 Unarmed Combat
 * Level 4.1 Shapeshifting


You had 3 spell levels left.
You didn't know any spells.
Your spell library contained the following spells:

 Spells                   Type           Power      Damage    Failure   Level
 Apportation              Tloc           0%         N/A       45%         1
 Necrotise                Necr           0%         1d4       45%         1
 Sting                    Conj/Alch      0%         1d3       45%         1
 Summon Small Mammal      Summ           0%         N/A       45%         1
 Call Imp                 Summ           0%         N/A       58%         2
 Sublimation of Blood     Necr           0%         N/A       58%         2
 Vampiric Draining        Necr           0%         2d6       83%         3
 Martyr's Knell           Necr/Summ      0%         N/A       99%         4
 Curse of Agony           Necr           0%         N/A       100%        5
 Summon Hydra             Summ           0%         N/A       100%        7


Dungeon Overview and Level Annotations

Branches:
Dungeon (3/15)

Altars:
Dithmenos

Shops:
D:3 (

Annotations:
D:3 Jessica


Innate Abilities, Weirdness & Mutations

You are a hulking beast.
Your limbs bulge with bestial killing power. (Slay +2)
Your plain brown scales are hard. (AC +5)
You cannot fit into any form of body armour.
You are cold-blooded and may be slowed by cold attacks.


Message History

o - a sedimented brown potion A kobold comes into view.
It is wielding a +0 whip.
The kobold shouts!
The kobold moves out of view.
Jessica the Apprentice Sorceress comes into view.
She is wielding a +0 club.
Found a shadowy altar of Dithmenos.
Jessica mumbles some strange words.
Jessica blinks!
You see here a book of Conjurations.
You hit the kobold.
The kobold is heavily wounded.
Jessica casts a spell at you. Pain shoots through your body!
The kobold barely misses you.
You hit the kobold but do no damage.
The kobold is heavily wounded.
Jessica casts a spell at you. Pain shoots through your body!
The kobold completely misses you.
You are too injured to fight recklessly!
You are too injured to fight recklessly!
You are too injured to fight recklessly!
You miss the kobold.
Your tail-slap misses the kobold.
The kobold is moderately wounded.
The kobold hits you with a +0 whip.
* * * LOW HITPOINT WARNING * * *
Unknown command.
Jessica casts a spell at you. Pain shoots through your body!
* * * LOW HITPOINT WARNING * * *
The kobold throws a stone.
The stone barely misses you.
It was a potion of attraction.
You feel attractive to monsters.
Okay, then.
Jessica shouts, "I don't like beings like you!"
Jessica mumbles some strange words.
Jessica seems to speed up.
The kobold attacks as it pursues you! The kobold hits you but does no damage.
Jessica is attracted toward you.
It was a potion of invisibility.
You fade into invisibility!
The kobold hits you with a +0 whip.
You die...

## #. ...... .######
#.###......
..........######..........
.#####.........@..........
†.................:.......
#####..#.# ######§#...###.
# #..#.# #@.#.### #
#..#.## #K##.#
###.(...######h# .#
#....†........># .#
#.......#####..# ..
#......### #..# ##
###........# #?.#
.........#.# #..#
...#.....#.# #...
#.###.####.# #.##. .##
##.# .# #.# .


You could see Jessica (fast, unable to see you) and a kobold (unable to see
you).

Vanquished Creatures
  Terence (D:2)
  2 adders
  A dart slug (D:3)
  A ribbon worm (D:3)
  8 endoplasms
  2 giant cockroaches (D:2)
  3 goblins
  A hobgoblin (D:1)
  6 jackals (D:1)
  4 kobolds
  3 quokkas
  4 ball pythons
  4 bats
  A frilled lizard (D:1)
  6 rats
47 creatures vanquished.

Notes
Turn   | Place    | Note
-------+----------+-------------------------------------------
     0 | D:1      | safid the Draconian Shapeshifter began the quest for the
                  | Orb.
     0 | D:1      | Reached XP level 1. HP: 16/16 MP: 1/1
   243 | D:1      | Reached XP level 2. HP: 23/23 MP: 2/2
   853 | D:2      | Reached XP level 3. HP: 28/28 MP: 3/3
   859 | D:2      | Noticed Terence
   873 | D:2      | Killed Terence
  1067 | D:2      | Reached XP level 4. HP: 35/35 MP: 4/4
  1671 | D:3      | Found Uquegh's Weapon Emporium.
  2115 | D:3      | Noticed Jessica
  2116 | D:3      | Found a shadowy altar of Dithmenos.
  2125 | D:3      | Slain by a kobold

Illustrated notes

Levels and vault maps discovered:
D:1:      psy_arrival_fountain, layout_basic, nicolae_figureground_sparkle
D:2:      layout_basic, uniq_terence
D:3:      layout_loops_ring, gammafunk_temple_overflow_forgotten, serial_shops,
          nicolae_shop_bloodbath_and_beyond, uniq_jessica

Skill      XL: |  1  2  3  4 |
---------------+-------------+-----
Dodging        | 2 |  2.0
Shapeshifting  | 4 |  4.1
Unarmed Combat | 4 |  4.1
Fighting       | |  1.3

Action                     |  1- 3 |  4- 6 || total
---------------------------+-------+-------++-------
  Melee: Unarmed           |    96 |    46 ||   142
         Tailslap          |     6 |       ||     6
         Punch             |     2 |       ||     2
    Use: Potion            |       |     2 ||     2
   Stab: Sleeping          |     1 |       ||     1
 Armour: Skin              |    53 |    27 ||    80
  Dodge: Dodged            |    58 |    15 ||    73
  Block: Buckler           |       |     1 ||     1
